AoeStats
← bysgame

Arena

505454653Analyzed
4v4 RM · 24d ago on Sep 9, 2026· 41m 6s· 8 players
Game mode
Random Map
Map size
Large (8 player)
Population
200
Speed
Normal
Resources
Standard
Victory
Conquest
Starting age
Dark Age
Ending age
Imperial Age
RankedLock teamsTeams togetherTeam positionsShared explorationLock speedFull tech treeHidden civsTurbo modeCheats
Victory
Defeat
🇨🇦 Franks · Canada
1045
+14
🇹🇼 Teutons · Taiwan
1023
+15
🇹🇼 Persians · Taiwan
1022
+15
🇹🇼 Wei · Taiwan
1020
+15
🇨🇳 Spanish · China
1043
-16
🇨🇳 Persians · China
1009
-14
🇹🇷 Huns · Türkiye
1009
-15
🇨🇳 Persians · China
975
-14
vper1490
9:51 Feudal Age
14:25 Castle Age
13:00 Double-Bit Axe
13:32 Horse Collar
20:08 Scale Barding Armor
20:11 Gold Mining
21:35 Chain Barding Armor
22:45 Bloodlines
23:55 Husbandry
25:56 Husbandry
26:21 Forging
35:44 Imperial Age
35:57 Imperial Age
36:44 Loom
ertk
0:30 Loom
11:15 Feudal Age
15:34 Castle Age
15:13 Double-Bit Axe
15:10 Horse Collar
17:03 Wheelbarrow
20:15 Heavy Plow
24:26 Bow Saw
24:55 Gold Mining
31:29 Imperial Age
29:56 Marauders
31:29 Scale Barding Armor
31:34 Forging
31:26 Scale Mail Armor
32:31 Gold Shaft Mining
32:04 Husbandry
32:15 Bloodlines
31:43 Pikeman
32:24 Squires
32:52 Chain Barding Armor
31:55 Elite Tarkan
32:24 Halberdier
40:44 Hand Cart
40:14 Town Watch
ze'ro
10:44 Feudal Age
15:20 Castle Age
15:45 Horse Collar
18:04 Loom
24:25 Husbandry
26:15 Bloodlines
27:19 Double-Bit Axe
28:04 Heavy Plow
29:04 Wheelbarrow
29:07 Bow Saw
29:27 Gold Mining
31:08 Hand Cart
32:40 Scale Barding Armor
32:46 Forging
33:50 Gold Shaft Mining
33:05 Stone Mining
36:27 Imperial Age
35:54 Chain Barding Armor
36:10 Iron Casting
39:33 Conscription
38:37 Cavalier
GreyElf
11:16 Feudal Age
10:15 Loom
14:06 Town Watch
14:35 Horse Collar
16:59 Castle Age
18:21 Heavy Plow
22:47 Double-Bit Axe
27:16 Bow Saw
29:02 Wheelbarrow
29:53 Gold Mining
30:37 Hand Cart
34:27 Imperial Age
32:13 Scale Barding Armor
32:10 Scale Mail Armor
32:21 Forging
32:18 Pikeman
32:59 Squires
34:02 Chain Mail Armor
34:23 Iron Casting
33:52 Squires
33:38 Gambesons
36:45 Conscription
35:51 Halberdier
37:05 Plate Mail Armor
37:36 Blast Furnace
38:43 Fletching
38:58 Arson
38:53 Man-at-Arms
40:36 Long Swordsman
B-Monkey
6:52 Loom
7:04 Loom
9:20 Feudal Age
9:52 Double-Bit Axe
10:42 Horse Collar
17:54 Wheelbarrow
22:10 Castle Age
20:24 Stone Mining
21:03 Gold Mining
21:46 Fletching
22:03 Padded Archer Armor
22:26 Elite Skirmisher
23:44 Bow Saw
23:54 Bodkin Arrow
24:45 Heavy Plow
27:18 Hand Cart
30:16 Ballistics
29:54 Man-at-Arms
31:20 Squires
30:41 Pikeman
31:24 Scale Mail Armor
31:35 Forging
31:38 Arson
32:34 Chain Mail Armor
32:19 Long Swordsman
32:45 Gambesons
34:38 Iron Casting
37:09 Masonry
43:02 Imperial Age
40:58 Ironclad
R_rain_
11:00 Feudal Age
13:01 Double-Bit Axe
15:32 Castle Age
14:39 Gold Mining
17:36 Double-Bit Axe
22:35 Horse Collar
26:08 Fervor
26:30 Fervor
27:44 Wheelbarrow
28:27 Scale Barding Armor
33:03 Imperial Age
30:51 Hand Cart
32:59 Forging
33:35 Town Watch
35:01 Conscription
34:51 Husbandry
35:01 Bloodlines
35:32 Heavy Plow
35:57 Bow Saw
37:31 Chain Barding Armor
37:47 Iron Casting
39:47 Ming Guang Armor
39:35 Town Patrol
40:47 Blast Furnace
41:54 Gold Shaft Mining
41:09 Stone Mining
41:53 Coinage
bysgame
10:59 Loom
12:45 Feudal Age
15:18 Wheelbarrow
14:37 Double-Bit Axe
14:43 Horse Collar
19:11 Castle Age
18:34 Wheelbarrow
18:55 Bloodlines
20:15 Husbandry
21:15 Bow Saw
24:53 Heavy Plow
24:47 Gold Mining
26:53 Scale Barding Armor
32:27 Squires
31:48 Pikeman
34:12 Hand Cart
40:54 Chain Barding Armor
43:12 Imperial Age
41:48 Forging
BiggM4k
9:46 Feudal Age
12:14 Loom
14:46 Castle Age
14:22 Double-Bit Axe
14:42 Gold Mining
18:12 Scale Barding Armor
21:10 Wheelbarrow
22:48 Bow Saw
24:23 Husbandry
26:56 Town Watch
28:00 Gold Shaft Mining
30:33 Imperial Age
30:04 Hand Cart
30:31 Chain Barding Armor
30:22 Forging
30:53 Cavalier
32:38 Plate Barding Armor
34:23 Paladin
36:16 Iron Casting
40:00 Blast Furnace
Connection lost

Rejoining the realm…

Still unreachable

The connection could not be restored.

Session expired

The server has moved on; the page needs a fresh start.